 Dungeon Crawl Stone Soup version 0.29-a0-334-gb41bcbb86e (webtiles) character file.

Game seed: 578972147432520075

176 zeratav the Insei (level 5, -4/34 (35) HPs)
             Began as an Octopode Transmuter on Apr 14, 2022.
             Slain by a wight
             ... wielding a +4 mace
              (7 damage)
             ... on level 3 of the Dungeon.
             The game lasted 00:04:17 (2232 turns).

zeratav the Insei (Octopode Transmuter)             Turns: 2232, Time: 00:04:17

HP:   -4/34 (35)    AC:  2    Str:  9    XL:     5   Next: 56%
MP:   6/8           EV: 20    Int: 16    God:
Gold: 86            SH:  0    Dex: 19    Spells: 4/8 levels left

rFire   . . .      SeeInvis .     - Unarmed
rCold   . . .      Faith    .   (shield currently unavailable)
rNeg    . . .      Spirit   .   (helmet currently unavailable)
rPois   x          Reflect  .   b - amulet of regeneration {@e2}
rElec   .          Harm     .   j - ring of wizardry
rCorr   .          Rampage  .   (no ring)
Will    .....                   (no ring)
Stlth   +++.......              (no ring)
HPRegen 0.91/turn               (no ring)
MPRegen 0.11/turn               (no ring)
                                (no ring)
                                (no ring)

@: spider-form (expiring), lightly drained
A: venomous fangs, almost no armour, (amphibious), 8 rings, tiny, (camouflage
1), (gelatinous body 1), (nimble swimmer 1), (tentacles)
a: End Transformation


You were on level 3 of the Dungeon.
You were a venomous arachnid creature.
You visited 1 branch of the dungeon, and saw 3 of its levels.

You collected 86 gold pieces.


Innate Abilities, Weirdness & Mutations

You are a venomous arachnid creature.
You have poisonous fangs.
You are tiny and dextrous.
Your spellcasting is less reliable in this form.
Your armour is entirely melded.
You are incapable of wielding weapons or throwing items.
You cannot wear most types of armour.
((You are amphibious.))
You can wear up to eight rings at the same time.
((Your skin changes colour to match your surroundings (Stealth+).))
((Your rubbery body absorbs attacks. (AC +1, EV +1)))
((You are camouflaged when in or above water. (Stealth+)))
((You have tentacles for arms and can constrict up to eight enemies at once.))


   Skills:
 + Level 2.4 Fighting
 + Level 3.0 Dodging
 + Level 3.1 Stealth
 + Level 0.2 Shields
 * Level 4.4 Unarmed Combat
 - Level 2.0 Spellcasting
 - Level 2.0 Transmutations


You had 4 spell levels left.
You knew the following spells:

 Your Spells              Type           Power      Damage    Failure   Level
a - Beastly Appendage     Tmut           16%        N/A       9%          1
b - Spider Form           Tmut/Pois      4%         N/A       30%         3

Your spell library contained the following spells:

 Spells                   Type           Power      Damage    Failure   Level
 Wereblood                Tmut           8%         N/A       13%         2
 Ice Form                 Ice/Tmut       4%         N/A       63%         4

Inventory:

Hand Weapons
 i - a +3 whip {mace}
   (You took it off a gnoll on level 2 of the Dungeon)
Armour
 n - a +0 buckler
   (You found it on level 3 of the Dungeon)
Jewellery
 b - an amulet of regeneration (around neck) {@e2}
   (You found it on level 1 of the Dungeon)
 j - a ring of wizardry (left front leg)
   (You found it on level 2 of the Dungeon)
 k - an amulet of reflection
   (You found it on level 3 of the Dungeon)
Wands
 o - a wand of charming (10)
   (You found it on level 3 of the Dungeon)
Scrolls
 c - a scroll of identify {unknown}
 e - a scroll of immolation {unknown}
 g - a scroll of enchant armour {unknown}
 h - a scroll of fog {unknown}
 m - a scroll of teleportation {unknown}
Potions
 a - 3 potions of lignification {!q}
 d - a potion of haste {unknown}
 f - a potion of curing {unknown}
 l - a potion of flight {unknown}

Dungeon Overview and Level Annotations

Branches:
Dungeon (3/15)

Altars:
Hepliaklqana

###############.######.........#.
.>...........................†...
#.#############.########....##..<
....>.....).....# #....##...
#.#####.....##### #....##...
#+#####.....# #....##.#.
........)...# #....##.#.
............##################.#.
............'...sz...............
.....).....)######g....#######.#.
..........).####.......# #.#.
.......................# #.#.
.......................# #.#.
..#####............g...# #.#. ..#
##########.....z.# #.#. ..#
#..g....# .#. ..# #.......# #.#.


You could see a wight and a gnoll.


Message History

A rat comes into view.
Found a scroll labelled OMYNYT RIOP.
Found a hazy altar of Hepliaklqana.
A gnoll comes into view. It is wielding a +0 spear.
You see here a +0 buckler.
n - a +0 buckler One of your tentacles grows a vicious spike.
MP[-1]
You lost 1 mp, and now have 7/8 mp.
The rat bites you.
HP[-2]
You take 2 damage, and now have 33/35 hp.
You tentacle-slap the rat.
You kill the rat!
HP[+1] No target in view!
No target in view!
You see here a rat corpse.
HP[+1]
Your hp is fully restored (35).
Casting: Beastly Appendage (safe; 3% risk of failure)
Confirm with . or Enter, or press ? or * to list all spells.
The spell is quite dangerous to miscast (16% risk of failure)!
Continue anyway?
Your tentacle spike disappears.
You turn into a venomous arachnid creature.
MP[-3]
You lost 3 mp, and now have 4/8 mp.
MP[+1]
Your transformation is almost over.
The gnoll shouts!
You hear a shout!
A ball python comes into view.
A gnoll comes into view. It is wielding a +0 spear.
A gnoll and a wight come into view.
You see here a wand of charming (10).
o - a wand of charming (10) MP[+1]
Your transformation has ended.
MP[+1]
Casting: Spider Form (quite dangerous; 16% risk of failure)
Confirm with . or Enter, or press ? or * to list all spells.
The spell is quite dangerous to miscast (16% risk of failure)!
Continue anyway?
You turn into a venomous arachnid creature.
The gnoll completely misses you.
MP[-3]
You lost 3 mp, and now have 4/8 mp.
The gnoll hits you with a +0 spear.
HP[-6]
You take 6 damage, and now have 29/35 hp.
You hit the gnoll. The gnoll misses you.
HP[+1]
You hit the gnoll.
The gnoll is poisoned.
The gnoll hits you with a +0 spear!
HP[-9] MP[+1]
You take 9 damage, and now have 21/35 hp.
MASSIVE DAMAGE!! (PAUSE)
The gnoll shouts!
You hit the gnoll.
The gnoll looks as sick as possible!
Your transformation is almost over.
The gnoll completely misses you.
HP[+1]
You hit the gnoll.
You kill the gnoll!
Your Dodging skill increases to level 3!
HP[+1]
You hit the gnoll.
The gnoll is poisoned.
The gnoll completely misses you.
HP[+1]
You hit the gnoll but do no damage.
The gnoll looks as sick as possible!
The gnoll barely misses you.
HP[+1]
You barely miss the gnoll. You hit the gnoll.
The gnoll looks as sick as possible!
You kill the gnoll!
The gnoll barely misses you.
HP[+1]
You hit the wight but do no damage.
The gnoll hits you from afar with a +0 spear.
The wight misses you.
HP[-3]
You take 3 damage, and now have 23/35 hp.
You bite the wight!
The gnoll hits you from afar with a +0 spear.
The wight misses you.
HP[-1]
You take 1 damage, and now have 22/35 hp.
You barely miss the wight. The wight hits you with a +4 mace!
* * * LOW HITPOINT WARNING * * *
The gnoll closely misses you.
HP[-10]
You take 10 damage, and now have 12/35 hp.
MASSIVE DAMAGE!! (PAUSE)
You hit the wight but do no damage. The gnoll barely misses you.
The wight hits you with a +4 mace!
* * * LOW HITPOINT WARNING * * *
You feel drained.
* * * LOW HITPOINT WARNING * * *
HP[-9] MP[+1]
You now have 34 max hp (-1).
You take 9 damage, and now have 3/34 hp.
MASSIVE DAMAGE!! (PAUSE)
You completely miss the wight. The gnoll barely misses you.
The wight hits you with a +4 mace!
You die...

Skill      XL: |  1  2  3  4  5 |
---------------+----------------+-----
Stealth        | 1 2 3 |  3.1
Fighting       | 2 |  2.4
Unarmed Combat | 4 |  4.4
Dodging        | 3 |  3.0
Shields        | |  0.2
Spellcasting   | |  2.0
Transmutations | |  2.0

Action                   |  1- 3 |  4- 6 || total
-------------------------+-------+-------++-------
Melee: Unarmed           |    64 |    74 ||   138
       Constrict         |    20 |    12 ||    32
       Kick              |    16 |     5 ||    21
       Tentacles         |     8 |     8 ||    16
       Punch             |     2 |     1 ||     3
 Cast: Beastly Appendage |    22 |    10 ||    32
       Spider Form       |       |     4 ||     4
 Stab: Sleeping          |     5 |     2 ||     7
Armor: Skin              |     8 |     1 ||     9
Dodge: Dodged            |    50 |    43 ||    93

Levels and vault maps discovered:
D:1:      heliophobic_arrival_ceremonial_halls, layout_loops_corners,
          grunt_decor_mini_mirrors
D:2:      layout_loops_cross, chequers_ecumenical_altar_simple_redux
D:3:      layout_basic, mainiacjoe_overflow_small_starburst

Notes
Turn   | Place    | Note
-------+----------+-------------------------------------------
     0 | D:1      | zeratav the Octopode Transmuter began the quest for the
                  | Orb.
     0 | D:1      | Reached XP level 1. HP: 13/13 MP: 3/3
     0 | D:1      | magus.rc [v1.9.6]
   344 | D:1      | Reached XP level 2. HP: 18/18 MP: 3/5
   661 | D:1      | You fall into a shaft and drop 1 floor!
   688 | D:2      | Reached skill level 1 in Stealth
   995 | D:2      | HP: 4/18 [poisoned by an adder]
   997 | D:2      | Reached XP level 3. HP: 7/23 MP: 3/6
  1345 | D:2      | Reached skill level 2 in Stealth
  1476 | D:2      | Found a faded altar of an unknown god.
  1607 | D:2      | Reached XP level 4. HP: 29/29 MP: 5/7
  1665 | D:2      | Reached skill level 2 in Fighting
  1665 | D:2      | HP: 7/29 [ball python (3)]
  1667 | D:2      | Reached skill level 4 in Unarmed Combat
  1673 | D:2      | Learned a level 3 spell: Spider Form
  2002 | D:3      | Reached XP level 5. HP: 32/34 MP: 6/8
  2103 | D:3      | HP: 5/34 [gnoll/+0 spear (8)]
  2107 | D:3      | HP: 2/34 [gnoll/+1 whip of pain (1)]
  2110 | D:3      | Reached skill level 3 in Stealth
  2178 | D:3      | Found a hazy altar of Hepliaklqana.
  2224 | D:3      | Reached skill level 3 in Dodging
  2231 | D:3      | HP: 4/35 [wight/+4 mace (9)]
  2232 | D:3      | Slain by a wight

Vanquished Creatures
  10 gnolls
  3 adders (D:2)
  2 worms (D:2)
  A dart slug (D:3)
  4 ball pythons (D:2)
  7 bats
  9 goblins
  3 hobgoblins
  A quokka (D:2)
  2 frilled lizards
  3 kobolds
  9 rats
54 creatures vanquished.

Table legend:
 A = Non-vault XP
 B = Vault XP
 C = Vault XP percentage of total XP
 D = Non-vault monster count
 E = Vault monster count
 F = Vault count percentage of total count
                 A         B        C        D         E       F
            +---------+---------+-------+---------+---------+-------
      Total |     252 |       0 |   0.0 |      54 |       0 |   0.0
            +---------+---------+-------+---------+---------+-------
        D:1 |      11 |       0 |   0.0 |       7 |       0 |   0.0
        D:2 |     130 |       0 |   0.0 |      25 |       0 |   0.0
        D:3 |     111 |       0 |   0.0 |      22 |       0 |   0.0
            +---------+---------+-------+---------+---------+-------

Illustrated notes

Table legend:
 A = Kills in this place as a percentage of kills in entire the game.
 B = Kills by you in this place as a percentage of kills by you in the entire game.
 C = Kills by friends in this place as a percentage of kills by friends in the entire game.
 D = Other kills in this place as a percentage of other kills in the entire game.
 E = Experience gained in this place as a percentage of experience gained in the entire game.
 F = Experience gained in this place divided by the number of levels of this place that you have seen.
                   A       B       C       D       E      F
               +-------+-------+-------+-------+-------+----------------------
         Total | 100.0 | 100.0 |   N/A |   N/A | 100.0 |  84.0
       Dungeon | 100.0 | 100.0 |   N/A |   N/A | 100.0 |  84.0
               +-------+-------+-------+-------+-------+----------------------

Table legend: (Time is in decaauts)
 A = Elapsed time spent in this place.
 B = Non-inter-level travel time spent in this place.
 C = Inter-level travel time spent in this place.
 D = Time resting spent in this place.
 E = Time spent auto-exploring this place.
 F = Levels seen in this place.
 G = Mean time per level.
                   A        B        C        D        E       F      G
               +--------+--------+--------+--------+--------+-----+--------+
         Total |   2222 |   2155 |     67 |     47 |   1662 |   3 |  740.7 |
       Dungeon |   2222 |   2155 |     67 |     47 |   1662 |   3 |  740.7 |
               +--------+--------+--------+--------+--------+-----+--------+

Top non-repeatable levels by time:
     D:1: 950 daAuts
     D:2: 807 daAuts
     D:3: 465 daAuts
